[Event "Team 45 45 League T27"]
[Site "Internet Chess Club"]
[Date "2005.07.22"]
[Round "6"]
[White "allanchs"]
[Black "Joyoyo"]
[Result "1/2-1/2"]
[WhiteElo "1590"]
[BlackElo "1601"]
[TimeControl "2700+45"]

1. e4 e5 2. Nf3 Nc6 3. Bc4 Be7 4. d4 exd4 5. Nxd4 Nxd4 6. Qxd4 d6 7. O-O Nf6 8.
Nc3 O-O 9. Be3 c6 10. Rad1 Nd7 11. f4 Bf6 12. Qxd6 Qe7 13. Qxe7 Bxe7 14. e5 b5
15. Bb3 a5 16. a3 a4 17. Ba2 Ba6 18. Rfe1 b4 19. axb4 Bxb4 20. e6 Nf6 21. exf7+
Kh8 22. Bd4 Nd5 23. Re4 Rxf7 24. Nxd5 cxd5 25. Bxg7+ Rxg7 26. Rxb4 Rb7 27. Rxb7
Bxb7 28. Bxd5 Bxd5 29. Rxd5 Rb8 30. Ra5 Rxb2 31. Rxa4 Rxc2 32. Ra7 h6 33. f5 Kg8
34. Ra6 Kg7 35. Ra1 h5 36. Rf1 Kf6 37. h3 Re2 38. g4 hxg4 39. hxg4 Re4 40. g5+
Kxg5 41. f6 Rg4+ 42. Kh2 Rh4+ 43. Kg3 Rg4+ 44. Kh3 Rh4+ 45. Kg2 Rg4+ 46. Kf3
Rf4+ 47. Ke2 Rxf6 48. Rxf6 Kxf6 {Game drawn because neither player has mating
material} 1/2-1/2

[Event "Team 45 45 League T27"]
[Site "Internet Chess Club"]
[Date "2005.07.25"]
[Round "6"]
[White "JesterFox"]
[Black "Pawndemonium"]
[Result "1-0"]
[WhiteElo "1571"]
[BlackElo "1536"]
[TimeControl "2700+45"]

1. c4 e5 2. Nc3 Nf6 3. g3 d5 4. cxd5 Nxd5 5. Bg2 Nxc3 6. bxc3 Bc5 7. e3 O-O 8.
Ne2 Nc6 9. O-O Bg4 10. Re1 f5 11. Qb3+ Kh8 12. Qxb7 Na5 13. Qb5 Bb6 14. Bxa8
Qxa8 15. Qxe5 Re8 16. Qb5 Qe4 17. Nf4 g5 18. Qd5 gxf4 19. Qxe4 fxe4 20. exf4 Bf3
21. d3 Kg8 22. dxe4 Rxe4 23. Rxe4 Bxe4 24. Be3 Bxe3 25. fxe3 Nc4 26. Kf2 Kf7 27.
Rd1 Ke6 28. Rd4 Nd6 29. g4 c5 30. Ra4 Kd5 31. Rxa7 Kc4 32. f5 Kxc3 33. Rxh7 Kd2
34. Rd7 c4 35. Rxd6+ {Black resigns} 1-0

[Event "Team 45 45 League T27"]
[Site "Internet Chess Club"]
[Date "2005.07.26"]
[Round "6"]
[White "RingLord"]
[Black "reijo"]
[Result "0-1"]
[WhiteElo "1601"]
[BlackElo "1510"]
[TimeControl "2700+45"]

1. e4 e6 2. d4 d5 3. e5 c5 4. c3 Nc6 5. Nf3 Qb6 6. a3 c4 7. Nbd2 Na5 8. b4 cxb3
9. Rb1 Bd7 10. Nxb3 Nxb3 11. Qxb3 Qxb3 12. Rxb3 b6 13. Ba6 f6 14. O-O fxe5 15.
Nxe5 Ba4 16. Rb1 Nf6 17. Re1 Ne4 18. Re3 Be7 19. f3 Nd6 20. Nd3 Kd7 21. Nf4 Bg5
22. Re2 Rhe8 23. Nd3 Bf6 24. Bf4 Bc6 25. Be5 Bb7 26. Bxb7 Nxb7 27. Bxf6 gxf6 28.
Rbe1 Re7 29. Nf4 Rae8 30. Nh5 Rf8 31. f4 Nd6 32. Ng3 f5 33. a4 Ne4 34. Re3 Rc8
35. Ne2 Rc4 36. a5 b5 37. a6 Ra4 38. Rb1 Kc6 39. Nc1 Rxa6 40. Nd3 Ra3 41. Ne5+
Kb6 42. Rc1 Rc7 43. h3 Raxc3 44. Rexc3 Rxc3 45. Rxc3 Nxc3 46. g4 b4 47. Nd7+ Kb5
48. Nc5 a5 49. Nxe6 b3 50. Nc7+ Kc4 51. gxf5 b2 52. f6 b1=Q+ 53. Kf2 Qf5 54. Ne8
Qxf4+ 55. Kg2 a4 56. f7 Qxf7 57. Nd6+ Kxd4 58. Nxf7 a3 59. Ng5 a2 60. Nf3+ Ke3
61. Ne1 Kd2 62. Nf3+ Ke2 63. Nd4+ Kd3 64. Nb3 Kc2 65. Nd4+ Kb1 66. Nb3 Kb2 67.
Nc5 a1=Q 68. Nd3+ Ka3 69. h4 Qa2+ 70. Nf2 d4 71. h5 Qg8+ 72. Kf1 Qf7 73. Ke1
Qxh5 74. Kf1 Qb5+ 75. Kg1 d3 76. Kh1 d2 77. Kg2 Qh5 78. Nd3 Qe2+ 79. Nf2 d1=Q
80. Kg3 Qf3+ {White resigns} 0-1

[Event "Team 45 45 League T27"]
[Site "Internet Chess Club"]
[Date "2005.07.24"]
[Round "6"]
[White "kevinfons"]
[Black "fgameiro"]
[Result "1-0"]
[WhiteElo "1466"]
[BlackElo "1502"]
[TimeControl "2700+45"]

1. c4 c5 2. Nc3 Nc6 3. d3 e6 4. e4 Nf6 5. Nf3 d6 6. Be2 Be7 7. O-O Qc7 8. Bf4 a6
9. Bg3 Bd7 10. d4 cxd4 11. Nxd4 e5 12. Nxc6 Bxc6 13. Nd5 Bxd5 14. exd5 Ne4 15.
Rc1 Nxg3 16. fxg3 Qc5+ 17. Kh1 Bg5 18. Rc3 Be3 19. Qa4+ Ke7 20. b4 Qd4 21. Rd3
Qe4 22. Qa3 Bh6 23. Qb2 f6 24. c5 Rhc8 25. Qc2 Qxb4 26. Rb3 Rxc5 27. Qf5 Qa5 28.
Qe6+ Kf8 29. Qxd6+ Kg8 30. Rxb7 Rxd5 31. Bc4 Kh8 32. Bxd5 Rg8 33. Bxg8 Kxg8 34.
Qe6+ {Black resigns} 1-0

[Event "Team 45 45 League T27"]
[Site "Internet Chess Club"]
[Date "2005.07.29"]
[Round "6"]
[White "camembert"]
[Black "martineden"]
[Result "0-1"]
[WhiteElo "1870"]
[BlackElo "1806"]
[TimeControl "2700+45"]

1. e4 d6 2. d4 Nf6 3. Nc3 g6 4. f4 Bg7 5. Nf3 c5 6. Bb5+ Bd7 7. e5 Ng4 8. Bxd7+
Qxd7 9. d5 dxe5 10. h3 e4 11. hxg4 exf3 12. Qxf3 Na6 13. Bd2 Nb4 14. O-O-O O-O-O
15. Kb1 Nxd5 16. Nxd5 Qxd5 17. Qa3 Kb8 18. f5 Ka8 19. Kc1 Qxg2 20. Qxc5 Rxd2 21.
Rxh7 Rxd1+ 22. Kxd1 Qxg4+ 23. Ke1 Qe4+ 24. Kf1 Qf4+ {White resigns} 0-1

[Event "Team 45 45 League T27"]
[Site "Internet Chess Club"]
[Date "2005.07.24"]
[Round "6"]
[White "SkatingBishop"]
[Black "forquesato"]
[Result "1/2-1/2"]
[WhiteElo "1780"]
[BlackElo "1805"]
[TimeControl "2700+45"]

1. e4 c6 2. d4 d5 3. e5 c5 4. dxc5 Nc6 5. Bb5 Bf5 6. Nf3 e6 7. b4 a5 8. Nd4 Qc7
9. Nxf5 Qxe5+ 10. Be3 Qxa1 11. Bd4 Qxa2 12. Nxg7+ Kd8 13. Bxc6 bxc6 14. bxa5
Bxc5 15. Nxe6+ fxe6 16. Bxh8 Qxa5+ 17. c3 Qb6 18. O-O Ra1 19. Bd4 Bxd4 20. cxd4
Nf6 21. Qd3 Ke7 22. Nd2 Rxf1+ 23. Kxf1 Qb5 24. Qxb5 cxb5 25. Ke2 Kd6 26. f3 Nd7
27. Kd3 Nb6 28. Nb3 Nc4 29. f4 Nb2+ 30. Kc2 Nc4 31. Kd3 Nb2+ 32. Kc2 Nc4 33. Kd3
{Game drawn by repetition} 1/2-1/2

[Event "Team 45 45 League T27"]
[Site "Internet Chess Club"]
[Date "2005.07.21"]
[Round "6"]
[White "RD1974"]
[Black "NFK"]
[Result "0-1"]
[WhiteElo "1752"]
[BlackElo "1730"]
[TimeControl "2700+45"]

1. e4 d6 2. d4 Nf6 3. Nc3 g6 4. f4 Bg7 5. Nf3 c5 6. Bb5+ Bd7 7. e5 Ng4 8. h3
cxd4 9. Bxd7+ Qxd7 10. Qxd4 Nc6 11. Qe4 Nh6 12. g4 dxe5 13. Nxe5 Nxe5 14. fxe5
e6 15. Bg5 Ng8 16. O-O h6 17. Rad1 Qc7 18. Bf4 Ne7 19. Qa4+ Nc6 20. Nb5 Qb6+ 21.
Kg2 O-O 22. Rd6 Qc5 23. Nc7 Rac8 24. Rfd1 Rxc7 25. Qe4 Nxe5 26. c3 Nc6 27. Rxe6
fxe6 28. Bxc7 Qf2+ 29. Kh1 Qf3+ 30. Qxf3 Rxf3 31. Kg2 Rf7 32. Bg3 e5 33. Rd6 g5
34. Bf2 a6 35. Kf1 e4 36. Re6 Re7 37. Rd6 e3 38. Bg3 Ne5 39. Ke2 Nc4 40. Rd8+
Kf7 41. b3 Nd2 42. c4 Ne4 43. Be1 Nc3+ 44. Bxc3 Bxc3 45. Rd6 Bf6 46. a3 Be5 47.
Rd5 Bf4 48. c5 Ke6 49. Rd4 Rd7 50. Re4+ Kd5 51. Rc4 Kc6 52. Re4 Rd2+ 53. Ke1
Kxc5 54. Re8 b5 55. Kf1 Rh2 56. Re6 Rxh3 57. Rxa6 h5 58. gxh5 Rxh5 59. Rg6 Rh2
60. Re6 Ra2 61. Ra6 e2+ 62. Ke1 Bg3# {White checkmated} 0-1

[Event "Team 45 45 League T27"]
[Site "Internet Chess Club"]
[Date "2005.07.20"]
[Round "6"]
[White "chinta"]
[Black "jmc860"]
[Result "1-0"]
[WhiteElo "1636"]
[BlackElo "1551"]
[TimeControl "2700+45"]

1. e4 e6 2. d4 d5 3. exd5 exd5 4. Nc3 Nf6 5. Bg5 Be7 6. Bd3 Nbd7 7. Nf3 O-O 8.
Qd2 b6 9. Ne5 Nxe5 10. dxe5 Nd7 11. Bxe7 Qxe7 12. f4 Bb7 13. O-O-O c5 14. Nxd5
Bxd5 15. Bxh7+ Kxh7 16. Qxd5 Rfd8 17. Qe4+ Kg8 18. Qf3 Nf8 19. Rde1 Rac8 20. f5
Qg5+ 21. Kb1 Re8 22. h4 Qh6 23. g4 Qc6 24. Qf4 f6 25. e6 Nxe6 26. fxe6 Rxe6 27.
Qc4 Re8 28. Rxe6 Qxe6 29. Qxe6+ Rxe6 30. Kc1 Re4 31. Rg1 f5 32. gxf5 Rxh4 33. f6
Rh7 34. Kd2 Kf7 35. Rxg7+ Rxg7 36. fxg7 Kxg7 37. Kd3 Kf6 38. Kc4 Ke6 39. Kb5 Kd5
40. c4+ Kd6 41. Ka6 Kc6 42. a4 Kd6 43. Kxa7 Kc7 44. Ka6 Kc6 45. b3 Kc7 46. Kb5
Kb7 47. a5 bxa5 48. Kxa5 Kc6 49. Ka6 Kc7 50. Kb5 Kd6 51. Kb6 Kd7 52. Kxc5 Kc7
53. b4 Kb7 54. b5 Kc7 55. Kd5 Kd7 56. c5 Kc7 57. Ke6 Kb7 58. Kd7 Kb8 59. c6 Ka7
60. c7 Kb6 61. c8=Q Ka7 62. Qa6+ Kb8 63. Qc8+ Ka7 64. b6+ Kxb6 65. Qc7+ Ka6 66.
Qb8 Ka5 67. Kc6 Ka4 68. Kc5 Ka3 69. Kc4 Ka2 70. Kc3 Ka1 71. Qb2# {Black
checkmated} 1-0

[Event "Team 45 45 League T27"]
[Site "Internet Chess Club"]
[Date "2005.07.26"]
[Round "6"]
[White "Beetlejuice"]
[Black "Aldos"]
[Result "1/2-1/2"]
[WhiteElo "1917"]
[BlackElo "1968"]
[TimeControl "2700+45"]

1. d4 Nf6 2. Bg5 e6 3. e4 Be7 4. Nd2 O-O 5. Bd3 c5 6. c3 cxd4 7. cxd4 Qb6 8. Nb3
Nc6 9. e5 Bb4+ 10. Bd2 Nd5 11. Nf3 Bxd2+ 12. Qxd2 Qb4 13. O-O Qxd2 14. Nfxd2 Rd8
15. Ne4 b6 16. g3 f6 17. f4 Ncb4 18. Be2 a5 19. a4 Ba6 20. Bxa6 Nxa6 21. Rac1
Rac8 22. Nd6 Rc6 23. Kf2 Nab4 24. Ke2 h5 {Game drawn by mutual agreement}
1/2-1/2

[Event "Team 45 45 League T27"]
[Site "Internet Chess Club"]
[Date "2005.07.24"]
[Round "6"]
[White "Squaredance"]
[Black "SonnyBlack"]
[Result "0-1"]
[WhiteElo "1916"]
[BlackElo "2042"]
[TimeControl "2700+45"]

1. e4 c5 2. Nf3 d6 3. g3 Nf6 4. d3 Nc6 5. Bg2 g6 6. O-O Bg7 7. Nbd2 O-O 8. Re1
Bd7 9. Nf1 b5 10. Bf4 Rc8 11. Qd2 Ng4 12. h3 Nge5 13. Nxe5 Nxe5 14. Bh6 Bxh3 15.
Bxg7 Kxg7 16. f4 Bxg2 17. Kxg2 Ng4 18. Ne3 Nxe3+ 19. Qxe3 Qd7 20. Rh1 f5 21.
exf5 Rxf5 22. g4 Rf7 23. f5 gxf5 24. Rxh7+ Kxh7 25. Rh1+ Kg8 26. Qh6 Qb7+ 27.
Kg3 Qxh1 28. Qxh1 fxg4 29. Qh6 Rcf8 30. Qg5+ Rg7 31. Qd5+ Rff7 32. Qa8+ Kh7 33.
Qh1+ Kg6 34. Qe4+ Rf5 35. Qe6+ Kg5 36. Qe3+ Kh5 37. Qe6 Rgf7 38. Qc8 Rf3+ 39.
Kg2 Rf2+ 40. Kg1 Kh4 41. Qh8+ Kg3 {White resigns} 0-1

[Event "Team 45 45 League T27"]
[Site "Internet Chess Club"]
[Date "2005.07.21"]
[Round "6"]
[White "DeLaSalle"]
[Black "StrayLite"]
[Result "1/2-1/2"]
[WhiteElo "2091"]
[BlackElo "1978"]
[TimeControl "2700+45"]

1. d4 Nf6 2. Nf3 e6 3. e3 c5 4. Bd3 d5 5. b3 b6 6. Bb2 Bb7 7. O-O Be7 8. Ne5
Nbd7 9. f4 O-O 10. Nxd7 Qxd7 11. Nd2 Ne4 12. Nf3 f6 13. Qe2 a6 14. c4 Bd6 15.
Rad1 Qe7 16. Qc2 f5 17. cxd5 exd5 18. Ne5 cxd4 19. Bxd4 Rac8 20. Qb2 Ba3 21. Qa1
Bc5 22. Rc1 Rc7 23. Bxe4 fxe4 24. Rfe1 Ba3 25. Bb2 Bc5 26. a3 Rfc8 27. b4 Bd6
28. Rxc7 Rxc7 29. Rc1 Bxe5 30. Bxe5 Rxc1+ 31. Qxc1 b5 {Game drawn by mutual
agreement} 1/2-1/2

[Event "Team 45 45 League T27"]
[Site "Internet Chess Club"]
[Date "2005.07.25"]
[Round "6"]
[White "DocHoliday"]
[Black "rss"]
[Result "1/2-1/2"]
[WhiteElo "1891"]
[BlackElo "1807"]
[TimeControl "2700+45"]

1. e4 e6 2. d4 d5 3. Nd2 dxe4 4. Nxe4 Bd7 5. Nf3 Bc6 6. Bd3 Nd7 7. O-O Ngf6 8.
Re1 Bxe4 9. Bxe4 Nxe4 10. Rxe4 Nf6 11. Re1 Be7 12. Qe2 O-O 13. c4 c6 14. b3 Bb4
15. Bd2 Bxd2 16. Qxd2 Qc7 17. Rad1 Rad8 18. Qc2 Rd6 19. h3 Rfd8 20. Re2 h6 21.
Rde1 a6 22. a4 c5 23. dxc5 Qxc5 24. Rd2 Rxd2 25. Nxd2 Qd4 26. Ne4 Nxe4 27. Rxe4
Qd1+ 28. Qxd1 Rxd1+ 29. Kh2 Rd3 30. Re3 Rd7 31. Kg3 Kf8 32. f4 f6 33. Kf3 Kf7
34. g4 Rd1 35. Ke4 Ke7 36. Rd3 Rxd3 37. Kxd3 Kd6 38. b4 b6 39. Kd4 g5 40. Ke4 a5
41. c5+ bxc5 42. b5 gxf4 43. Kxf4 Kd5 44. h4 c4 45. Ke3 e5 46. Kd2 e4 47. Ke2
Kc5 48. Kd2 Kd5 49. Ke2 Kc5 50. Kd2 Kd5 {Game drawn by repetition} 1/2-1/2

[Event "Team 45 45 League T27"]
[Site "Internet Chess Club"]
[Date "2005.07.25"]
[Round "6"]
[White "Cantemir"]
[Black "PaulKaspar"]
[Result "0-1"]
[WhiteElo "1601"]
[BlackElo "1863"]
[TimeControl "2700+45"]

1. c4 e5 2. Nc3 Nf6 3. d3 c6 4. g3 d5 5. Bg2 d4 6. Ne4 Nxe4 7. Bxe4 f5 8. Bg2
Nd7 9. Nf3 Bd6 10. O-O O-O 11. a3 c5 12. Bd2 Rb8 13. b4 b6 14. Ng5 Nf6 15. b5
Qe7 16. e4 h6 17. Nh3 fxe4 18. f4 e3 19. fxe5 Bxe5 20. Bc1 Bxg3 21. Qf3 Bxh2+
22. Kh1 Bg4 23. Qc6 e2 24. Kxh2 e1=Q 25. Rxe1 Qxe1 26. Bxh6 Qxa1 27. Bxg7 Kxg7
28. Qc7+ Kg6 29. Nf4+ Kf5 30. Nh3 Bxh3 31. Bxh3+ Kg6 32. Qg3+ Kf7 33. Qc7+ Kg8
34. Qg3+ Kh8 35. Bf5 Rb7 36. Qh3+ Nh7 37. Qg2 Rg7 38. Qh3 Qg1# {White
checkmated} 0-1